AA
SAN FRANCISCO SEALS @ MONCTON MOHAWKS
06/04/2060
 
TOP OF THE 1ST
San Francisco Seals batting - Pitching for Moncton Mohawks : RHP Lindsay Perez
Pitching: RHP Lindsay Perez
Batting: RHB Justen Roman 0-0: Ball
1-0: Called Strike
1-1: Ball
2-1: Called Strike
2-2: Ball
3-2: Strikes out swinging
Batting: RHB Kyle Phipps 0-0: Called Strike
0-1: Foul Ball, location: 2F
0-2: Foul Ball, location: 2F
0-2: Strikes out swinging
Batting: RHB J.P. Buffolino 0-0: Swinging Strike
0-1: Called Strike
0-2: Ball
1-2: Ball
2-2: Ground out 1-3 (Groundball, 13S, EV 66.9 MPH)
Top of the 1st over - 0 runs, 0 hits, 0 errors, 0 left on base; San Francisco 0 - Moncton 0
BOTTOM OF THE 1ST
Moncton Mohawks batting - Pitching for San Francisco Seals : RHP Leodis Tra
Pitching: RHP Leodis Tra
Batting: RHB Derell Machuca 0-0: Called Strike
0-1: Called Strike
0-2: Ball
1-2: Ball
2-2: DOUBLE (Line Drive, 9LM, EV 106.2 MPH)
Batting: LHB Quincy Mobley 0-0: Ball
1-0: Foul Ball, location: 2F
1-1: Swinging Strike
1-2: DOUBLE (Line Drive, 9LD, EV 96.9 MPH)
Derell Machuca scores
Batting: LHB Joseph Llamas 0-0: Called Strike
0-1: Ball
1-1: Swinging Strike
1-2: Ball
2-2: Strikes out swinging
Batting: LHB Dallin Mummau 0-0: Ball
1-0: Foul Ball, location: 2F
1-1: Ball
2-1: Ball
3-1: Base on Balls
Batting: RHB Wyatt Rivera 0-0: Called Strike
0-1: Swinging Strike
0-2: Ball
1-2: Foul Ball, location: 2F
1-2: Ball
2-2: Ball
3-2: SINGLE (Flyball, 8LS, EV 91.2 MPH)
Quincy Mobley to third
Dallin Mummau to second
Batting: LHB Evan Laurie 0-0: Ball
1-0: Swinging Strike
1-1: Called Strike
1-2: Foul Ball, location: 2F
1-2: Ball
2-2: Fly out, F6 (Flyball, 6MD, EV 90.6 MPH)
Batting: RHB Seamus Elliott 0-0: Called Strike
0-1: Ball
1-1: Swinging Strike
1-2: Foul Ball, location: 2F
1-2: Ball
2-2: Strikes out swinging
Bottom of the 1st over - 1 run, 3 hits, 0 errors, 3 left on base; San Francisco 0 - Moncton 1
TOP OF THE 2ND
San Francisco Seals batting - Pitching for Moncton Mohawks : RHP Lindsay Perez
Batting: LHB Kurtis Schell 0-0: Ball
1-0: Ball
2-0: Called Strike
2-1: Foul Ball, location: 2F
2-2: Foul Ball, location: 2F
2-2: Strikes out looking
Batting: RHB Landon Dyer 0-0: Called Strike
0-1: Ball
1-1: Foul Ball, location: 2F
1-2: Strikes out swinging
Batting: SHB LaRon Pennicott 0-0: Ball
1-0: Called Strike
1-1: Fly out, F6 (Popup, 6D, EV 70.6 MPH)
Top of the 2nd over - 0 runs, 0 hits, 0 errors, 0 left on base; San Francisco 0 - Moncton 1
BOTTOM OF THE 2ND
Moncton Mohawks batting - Pitching for San Francisco Seals : RHP Leodis Tra
Batting: RHB Brendan Woodman 0-0: Ball
1-0: Ball
2-0: Foul Ball, location: 2F
2-1: Ball
3-1: Called Strike
3-2: Strikes out swinging
Batting: RHB Elias Boulton 0-0: Called Strike
0-1: Ball
1-1: Fly out, F7 (Line Drive, 7D, EV 89.4 MPH)
Batting: RHB Derell Machuca 0-0: Ball
1-0: Called Strike
1-1: Ball
2-1: Called Strike
2-2: Strikes out swinging
Bottom of the 2nd over - 0 runs, 0 hits, 0 errors, 0 left on base; San Francisco 0 - Moncton 1
TOP OF THE 3RD
San Francisco Seals batting - Pitching for Moncton Mohawks : RHP Lindsay Perez
Batting: LHB Walt Barefoot 0-0: Ground out 2-3 (Groundball, 13S, EV 69.4 MPH)
Batting: RHB Micah Elliott 0-0: Called Strike
0-1: Ball
1-1: Swinging Strike
1-2: Ball
2-2: Strikes out swinging
Batting: RHB Tristin Hamada 0-0: Called Strike
0-1: Ball
1-1: Called Strike
1-2: Ball
2-2: Ball
3-2: SINGLE (Line Drive, 56, EV 111.2 MPH)
Batting: RHB Justen Roman 0-0: Ball
1-0: SINGLE (Line Drive, 4D, EV 104.4 MPH)
Tristin Hamada to second
Batting: RHB Kyle Phipps 0-0: Ball
1-0: Foul Ball, location: 2F
1-1: Fielders Choice at 2nd, 5-4 (Groundball, 5L, EV 97.5 MPH)
Top of the 3rd over - 0 runs, 2 hits, 0 errors, 2 left on base; San Francisco 0 - Moncton 1
BOTTOM OF THE 3RD
Moncton Mohawks batting - Pitching for San Francisco Seals : RHP Leodis Tra
Batting: LHB Quincy Mobley 0-0: Ball
1-0: Ball
2-0: Ball
3-0: Called Strike
3-1: Fly out, F7 (Flyball, 78S, EV 82.5 MPH)
Batting: LHB Joseph Llamas 0-0: Ball
1-0: Ball
2-0: Foul Ball, location: 2F
2-1: Called Strike
2-2: Ball
3-2: Foul Ball, location: 2F
3-2: Foul Ball, location: 2F
3-2: Strikes out looking
Batting: LHB Dallin Mummau 0-0: Fly out, F8 (Flyball, 8LM, EV 85.0 MPH)
Bottom of the 3rd over - 0 runs, 0 hits, 0 errors, 0 left on base; San Francisco 0 - Moncton 1
TOP OF THE 4TH
San Francisco Seals batting - Pitching for Moncton Mohawks : RHP Lindsay Perez
Batting: RHB J.P. Buffolino 0-0: Ball
1-0: Called Strike
1-1: Ground out 4-3 (Groundball, 4, EV 81.9 MPH)
Batting: LHB Kurtis Schell 0-0: Ball
1-0: Ball
2-0: DOUBLE (Line Drive, 7LM, EV 111.9 MPH)
Batting: RHB Landon Dyer 0-0: Ball
1-0: Fly out, F7 (Line Drive, 7S, EV 100.0 MPH)
Batting: SHB LaRon Pennicott 0-0: Called Strike
0-1: Ball
1-1: Called Strike
1-2: Foul Ball, location: 2F
1-2: Ball
2-2: Ball
3-2: Ground out U3 (Groundball, 3, EV 110.6 MPH)
Top of the 4th over - 0 runs, 1 hit, 0 errors, 1 left on base; San Francisco 0 - Moncton 1
BOTTOM OF THE 4TH
Moncton Mohawks batting - Pitching for San Francisco Seals : RHP Leodis Tra
Batting: RHB Wyatt Rivera 0-0: Ball
1-0: Ball
2-0: Ball
3-0: Called Strike
3-1: Base on Balls
Pitching: LHP Bud Kouklakis
Batting: LHB Evan Laurie 0-0: Swinging Strike
0-1: Ball
Wild Pitch!
Wyatt Rivera to second
1-1: Ground out 4-3 (Groundball, 34D, EV 83.1 MPH)
Wyatt Rivera to third
Batting: RHB Seamus Elliott 0-0: Foul Ball, location: 2F
0-1: Foul Ball, location: 2F
0-2: Ball
1-2: Foul Ball, location: 2F
1-2: Foul Ball, location: 2F
1-2: Fly out, F8 (Flyball, 78XD, EV 96.9 MPH)
Runner from 3rd tags up, SCORES, no throw by CF
Batting: RHB Brendan Woodman 0-0: Called Strike
0-1: Ball
1-1: Foul Ball, location: 2F
1-2: Strikes out swinging
Bottom of the 4th over - 1 run, 0 hits, 0 errors, 0 left on base; San Francisco 0 - Moncton 2
TOP OF THE 5TH
San Francisco Seals batting - Pitching for Moncton Mohawks : RHP Lindsay Perez
Batting: LHB Walt Barefoot 0-0: Ball
1-0: Ball
2-0: Foul Ball, location: 2F
2-1: Ball
3-1: Ground out 6-3 (Groundball, 6D, EV 81.2 MPH)
Batting: RHB Micah Elliott 0-0: Foul Ball, location: 2F
0-1: Foul Ball, location: 2F
0-2: Ball
1-2: Ball
2-2: Ball
3-2: Foul Ball, location: 2F
3-2: Foul Ball, location: 2F
3-2: Foul Ball, location: 2F
3-2: DOUBLE (Groundball, 5L, EV 101.9 MPH)
Batting: RHB Tristin Hamada 0-0: Ball
1-0: Ball
2-0: Ball
3-0: Called Strike
3-1: Foul Ball, location: 2F
3-2: Ground out 6-3 (Groundball, 6, EV 90.6 MPH)
Pitching: RHP Darrin Carney
Batting: RHB Justen Roman 0-0: Called Strike
0-1: Foul Ball, location: 2F
0-2: Strikes out swinging
Top of the 5th over - 0 runs, 1 hit, 0 errors, 1 left on base; San Francisco 0 - Moncton 2
BOTTOM OF THE 5TH
Moncton Mohawks batting - Pitching for San Francisco Seals : LHP Bud Kouklakis
Batting: RHB Elias Boulton 0-0: Called Strike
0-1: Foul Ball, location: 2F
0-2: Foul Ball, location: 2F
0-2: SINGLE (Groundball, 6MD, EV 99.4 MPH)
Batting: RHB Derell Machuca 0-0: Called Strike
0-1: Ball
1-1: Swinging Strike
1-2: Ball
2-2: Ball
3-2: Base on Balls
Elias Boulton to second
Batting: LHB Quincy Mobley 0-0: Foul Ball, location: 2F
0-1: Called Strike
0-2: Strikes out swinging
Batting: LHB Joseph Llamas 0-0: Called Strike
0-1: Ball
1-1: Ball
2-1: Called Strike
2-2: Ball
3-2: Foul Ball, location: 2F
3-2: Fly out, F4 (Popup, 13, EV 83.8 MPH)
Batting: LHB Dallin Mummau 0-0: Ball
1-0: Foul Ball, location: 2F
1-1: Ball
2-1: Ground out U3 (Groundball, 3, EV 109.4 MPH)
Bottom of the 5th over - 0 runs, 1 hit, 0 errors, 2 left on base; San Francisco 0 - Moncton 2
TOP OF THE 6TH
San Francisco Seals batting - Pitching for Moncton Mohawks : RHP Darrin Carney
Batting: RHB Kyle Phipps 0-0: Ball
1-0: Foul Ball, location: 2F
1-1: Ball
2-1: Foul Ball, location: 2F
2-2: Foul Ball, location: 2F
2-2: Foul Ball, location: 2F
2-2: Ball
3-2: Base on Balls
Batting: RHB J.P. Buffolino 0-0: Fly out, F9 (Flyball, 9D, EV 93.8 MPH)
Batting: LHB Kurtis Schell 0-0: Foul Ball, location: 2F
0-1: Swinging Strike
0-2: Strikes out looking
Batting: RHB Landon Dyer 0-0: Ball
1-0: Ball
2-0: Foul Ball, location: 2F
2-1: Foul Ball, location: 2F
2-2: Strikes out swinging, 2-3 out at first.
Top of the 6th over - 0 runs, 0 hits, 0 errors, 1 left on base; San Francisco 0 - Moncton 2
BOTTOM OF THE 6TH
Moncton Mohawks batting - Pitching for San Francisco Seals : LHP Bud Kouklakis
Batting: RHB Wyatt Rivera 0-0: Ball
1-0: Ball
2-0: Swinging Strike
2-1: Called Strike
2-2: Ball
3-2: Base on Balls
Batting: LHB Evan Laurie 0-0: Called Strike
0-1: Ball
1-1: Fly out, F9 (Line Drive, 9LM, EV 103.8 MPH)
Batting: RHB Seamus Elliott 0-0: Called Strike
0-1: Fielders Choice at 2nd, 1-6 (Groundball, 13, EV 69.4 MPH)
Pitching: RHP Reid Bothun
Batting: RHB Brendan Woodman 0-0: Ball
1-0: Ball
2-0: Ball
3-0: Base on Balls
Seamus Elliott to second
Batting: RHB Elias Boulton 0-0: Called Strike
0-1: Ball
1-1: Fly out, F7 (Flyball, 78M, EV 81.9 MPH)
Bottom of the 6th over - 0 runs, 0 hits, 0 errors, 2 left on base; San Francisco 0 - Moncton 2
TOP OF THE 7TH
San Francisco Seals batting - Pitching for Moncton Mohawks : RHP Darrin Carney
Batting: SHB LaRon Pennicott 0-0: Ball
1-0: Ball
2-0: Ball
3-0: Base on Balls
Pitching: LHP Vince Smith
Batting: LHB Walt Barefoot 0-0: Ball
1-0: Fly out, F9 (Flyball, 89M, EV 96.9 MPH)
Batting: RHB Micah Elliott 0-0: Foul Ball, location: 2F
0-1: Ball
1-1: Ball
2-1: Called Strike
2-2: SINGLE (Line Drive, 78S, EV 103.1 MPH)
LaRon Pennicott to second
Batting: RHB Tristin Hamada 0-0: Ball
1-0: DOUBLE (Line Drive, 78M, EV 93.8 MPH)
LaRon Pennicott scores
Micah Elliott to third
Runner from 3rd tries for Home, SAFE, throw by CF to home
Batting: RHB Justen Roman 0-0: Ball
1-0: Foul Ball, location: 2F
1-1: Ball
2-1: Swinging Strike
2-2: Strikes out looking
Batting: RHB Kyle Phipps 0-0: Called Strike
0-1: Ball
1-1: Ball
2-1: Ball
3-1: Called Strike
3-2: SINGLE (Groundball, 4D, EV 97.5 MPH)
Tristin Hamada to third
Runner from 3rd tries for Home, SAFE, throw by CF to home
Batting: RHB J.P. Buffolino 0-0: Ball
1-0: Ground out 6-3 (Groundball, 6, EV 99.4 MPH)
Top of the 7th over - 3 runs, 3 hits, 0 errors, 1 left on base; San Francisco 3 - Moncton 2
BOTTOM OF THE 7TH
Moncton Mohawks batting - Pitching for San Francisco Seals : RHP Reid Bothun
Batting: RHB Derell Machuca 0-0: Ball
1-0: Swinging Strike
1-1: Fly out, F8 (Flyball, 89S, EV 78.8 MPH)
Batting: LHB Quincy Mobley 0-0: Called Strike
0-1: Ball
1-1: Swinging Strike
1-2: Ball
2-2: Ground out 4-3 (Groundball, 4S, EV 68.1 MPH)
Batting: LHB Joseph Llamas 0-0: Called Strike
0-1: Foul Ball, location: 2F
0-2: Ball
1-2: Foul Ball, location: 2F
1-2: Ball
2-2: Strikes out swinging
Bottom of the 7th over - 0 runs, 0 hits, 0 errors, 0 left on base; San Francisco 3 - Moncton 2
TOP OF THE 8TH
San Francisco Seals batting - Pitching for Moncton Mohawks : LHP Vince Smith
Batting: LHB Kurtis Schell 0-0: Ball
1-0: Ball
2-0: Foul Ball, location: 2F
2-1: Called Strike
2-2: Reaches on Catchers interference
Batting: RHB Landon Dyer 0-0: Foul Ball, location: 2F
0-1: Ball
1-1: Ball
2-1: Foul Ball, location: 2F
2-2: Fly out, F9 (Line Drive, 9, EV 91.2 MPH)
Batting: SHB LaRon Pennicott 0-0: Ball
1-0: Swinging Strike
1-1: Ball
2-1: Fly out, F9 (Line Drive, 9, EV 93.8 MPH)
Pinch Hitting: RHB Lee O'Connor 0-0: Swinging Strike
0-1: Called Strike
0-2: Strikes out swinging
Top of the 8th over - 0 runs, 0 hits, 1 error, 1 left on base; San Francisco 3 - Moncton 2
BOTTOM OF THE 8TH
Moncton Mohawks batting - Pitching for San Francisco Seals : RHP Reid Bothun
Now at 2B: Cullen Bradford
Batting: LHB Dallin Mummau 0-0: Ball
1-0: Swinging Strike
1-1: Called Strike
1-2: Foul Ball, location: 2F
1-2: Foul Ball, location: 2F
1-2: Foul Ball, location: 2F
1-2: Foul Ball, location: 2F
1-2: Ball
2-2: Strikes out swinging
Batting: RHB Wyatt Rivera 0-0: Swinging Strike
0-1: Ball
1-1: Foul Ball, location: 2F
1-2: Strikes out swinging
Pitching: RHP Jeremy Fritzinger
Batting: LHB Evan Laurie 0-0: Swinging Strike
0-1: Ball
1-1: Ball
2-1: Swinging Strike
2-2: Ball
3-2: Foul Ball, location: 2F
3-2: Ground out 6-3 (Groundball, 6S, EV 73.1 MPH)
Bottom of the 8th over - 0 runs, 0 hits, 0 errors, 0 left on base; San Francisco 3 - Moncton 2
TOP OF THE 9TH
San Francisco Seals batting - Pitching for Moncton Mohawks : LHP Vince Smith
Pitching: RHP Jaden Angell
Batting: RHB Micah Elliott 0-0: Ground out 3-1 (Groundball, 34, EV 105.6 MPH)
Batting: RHB Tristin Hamada 0-0: Fly out, F5 (Line Drive, 56, EV 74.4 MPH)
Batting: RHB Justen Roman 0-0: Ground out 6-3 (Groundball, 4M, EV 79.4 MPH)
Top of the 9th over - 0 runs, 0 hits, 0 errors, 0 left on base; San Francisco 3 - Moncton 2
BOTTOM OF THE 9TH
Moncton Mohawks batting - Pitching for San Francisco Seals : RHP Jeremy Fritzinger
Pitching: RHP James Scott
Now at 3B: Cameron Allen
Batting: RHB Seamus Elliott 0-0: Called Strike
0-1: Fly out, F8 (Flyball, 8LM, EV 89.4 MPH)
Pinch Hitting: LHB Dallas Wombolt 0-0: Foul Ball, location: 2F
0-1: Called Strike
0-2: Strikes out swinging
Pinch Hitting: LHB Tristen Campbell 0-0: Ball
1-0: Ground out 4-3 (Groundball, 4M, EV 80.6 MPH)
Bottom of the 9th over - 0 runs, 0 hits, 0 errors, 0 left on base; San Francisco 3 - Moncton 2
Sunday, May 5th , 2024 - OOTP Baseball 23.10 Build 110